 Dungeon Crawl Stone Soup version 0.21-a0-401-g0b6bec4 (webtiles) character file.

31600 kae the Geomancer (level 13, -25/74 HPs)
             Began as a Gargoyle Earth Elementalist on Oct 24, 2017.
             Was a High Priest of Vehumet.
             Killed from afar by a frost giant (60 damage)
             ... with a bolt of cold
             ... in an ice cave.
             The game lasted 00:27:47 (19449 turns).

kae the Geomancer (Gargoyle Earth Elementalist)    Turns: 19449, Time: 00:27:48

Health: -25/74     AC: 18    Str: 13    XL:     13   Next: 59%
Magic:  35/51      EV: 12    Int: 23    God:    Vehumet [*****.]
Gold:   750        SH:  0    Dex: 10    Spells: 21/33 levels left

rFire    + . .     SeeInvis .   C - staff of power
rCold    . . .     Gourm    +   (no shield)
rNeg     + . .     Faith    .   c - +0 robe
rPois    ∞         Spirit   .   F - +2 hat
rElec    +         Reflect  .   T - +1 cloak {+Inv}
rCorr    .         Harm     .   q - +0 pair of gloves
MR       +....                  (no boots)
Stlth    ++........             h - amulet of the gourmand
HPRegen  0.22/turn              P - ring of magical power
MPRegen  0.32/turn              Z - ring "Fediuf" {rF+ MR+ Int+3}

@: about to teleport
A: horns 1, molten scales 1, negative energy resistance 1, electricity
resistance, unbreathing, petrification resistance, rot immunity, AC +9
a: Renounce Religion, Evoke Invisibility


You were in an ice cave.
You worshipped Vehumet.
Vehumet was extremely pleased with you.
You were completely stuffed.

You visited 2 branches of the dungeon, and saw 14 of its levels.
You also visited: Ossuary and Ice Cave.

You collected 854 gold pieces.
You spent 104 gold pieces at shops.

Inventory:

Hand Weapons
 i - a +1 whip of venom
 V - a +0 quarterstaff of freezing
Missiles
 b - 195 stones (quivered)
Armour
 c - a +0 robe (worn)
 q - a +0 pair of gloves (worn)
 F - a +2 hat (worn)
 T - a +1 cloak of invisibility (worn)
Magical Staves
 C - an uncursed staff of power (weapon)
Jewellery
 f - a +5 ring of dexterity
 h - an amulet of the gourmand (around neck)
 s - a +5 ring of strength
 H - an uncursed ring of ice
 P - a ring of magical power (left hand)
 Z - the ring "Fediuf" (right hand) {rF+ MR+ Int+3}
   (You found it on level 1 of the Lair of Beasts)

   [ring of protection from magic]

   It affects your intelligence (+3).
   It protects you from fire.
   It affects your resistance to hostile enchantments.
Wands
 w - a wand of flame (33/48)
 x - a wand of flame (12/48)
 y - a wand of flame (20/48)
 O - a wand of flame (28/48)
 Y - a wand of enslavement (20/24)
Scrolls
 m - 3 scrolls of magic mapping
 B - 3 scrolls of teleportation
 D - 2 scrolls of enchant armour
 L - 2 scrolls of enchant weapon
 M - 5 scrolls of remove curse
 S - 2 scrolls of fog
Potions
 a - 2 potions of resistance
 j - 4 potions of haste
 n - a potion of heal wounds
 o - 3 potions of magic
 r - 6 potions of curing
 u - 4 potions of flight
 z - 5 potions of lignification
 A - 3 potions of brilliance
 E - 3 potions of might
 G - a potion of cancellation
 K - 6 potions of mutation
 N - 3 potions of agility
 W - 2 potions of ambrosia
Books
 e - a book of Geomancy

   Spells                             Type                      Level
   a - Sandblast                      Earth                        1
   b - Passwall                       Transmutation/Earth          2
   c - Stone Arrow                    Conjuration/Earth            3
   d - Petrify                        Transmutation/Earth          4
   e - Lee's Rapid Deconstruction     Earth                        5
 t - a book of Cantrips

   Spells                             Type                      Level
   a - Confusing Touch                Hexes                        1
   b - Animate Skeleton               Necromancy                   1
   c - Summon Small Mammal            Summoning                    1
   d - Apportation                    Translocation                1
 v - a book of Necromancy

   Spells                             Type                      Level
   a - Pain                           Necromancy                   1
   b - Animate Skeleton               Necromancy                   1
   c - Vampiric Draining              Necromancy                   3
   d - Regeneration                   Charms/Necromancy            3
   e - Animate Dead                   Necromancy                   4
   f - Control Undead                 Necromancy                   4
 I - a book of Frost

   Spells                             Type                      Level
   a - Freeze                         Ice                          1
   b - Throw Frost                    Conjuration/Ice              2
   c - Ozocubu's Armour               Charms/Ice                   3
   d - Throw Icicle                   Conjuration/Ice              4
   e - Summon Ice Beast               Ice/Summoning                4
 Q - a book of Callings

   Spells                             Type                      Level
   a - Summon Small Mammal            Summoning                    1
   b - Call Imp                       Summoning                    2
   c - Call Canine Familiar           Summoning                    3
   d - Summon Guardian Golem          Hexes/Summoning              3
   e - Summon Lightning Spire         Summoning/Air                4
   f - Summon Ice Beast               Ice/Summoning                4
 X - a book of Beasts

   Spells                             Type                      Level
   a - Summon Butterflies             Summoning                    1
   b - Call Canine Familiar           Summoning                    3
   c - Summon Ice Beast               Ice/Summoning                4
   d - Summon Mana Viper              Hexes/Summoning              5
   e - Summon Hydra                   Summoning                    7
Comestibles
 d - 4 bread rations
 g - 3 royal jellies
 k - 6 meat rations
 l - 4 chunks of flesh
 J - 25 fruits


   Skills:
 + Level 6.1 Fighting
 + Level 10.1 Staves
 - Level 1.5 Dodging
 - Level 2.1 Stealth
 + Level 10.8 Spellcasting
 + Level 12.1 Conjurations
   Level 0.7 Transmutations
 + Level 13.7 Earth Magic


You had 21 spell levels left.
You knew the following spells:

 Your Spells              Type           Power        Failure   Level  Hunger
a - Sandblast             Erth           ######       0%          1    None
b - Stone Arrow           Conj/Erth      ######       1%          3    None
c - Lee's Rapid Deconstr  Erth           ######....   1%          5    ####...
d - Inner Flame           Hex/Fire       ##......     4%          3    None


Dungeon Overview and Level Annotations

Branches:
Dungeon (11/15)            Temple (0/1) D:7            Lair (3/6) D:11
  Snake (0/4) Lair:2
  Swamp: Lair:2-4    Shoals: Lair:2-4       Orc: D:9-12

Altars:
Cheibriados
Gozag
Hepliaklqana
Kikubaaqudgha
Ru
Trog
Uskayaw
Vehumet
Wu Jian
Xom

Shops:
D:11 *

Annotations:
D:3 Barriton's ghost, amateur DrTm


Innate Abilities, Weirdness & Mutations

You are resistant to torment.
Your stone body is resilient. (AC +9)
You are immune to poison.
You resist negative energy. (rN+)
You are resistant to electric shocks. (rElec)
You can survive without breathing.
You are immune to petrification.
You are immune to rotting.
You have a pair of small horns on your head.
You are partially covered in molten scales. (AC +2)


Message History

The frost giant gestures at you while chanting.
The bolt of cold misses you.
Casting: Stone Arrow
Confirm with . or Enter, or press ? or * to list all spells.
Aiming: Stone Arrow
Press: ? - help, Shift-Dir - straight line, f/p - frost giant
Aim: a frost giant, wielding a battleaxe of freezing (heavily wounded)
The stone arrow hits the frost giant.
The frost giant is heavily wounded.
The frost giant casts a spell at you. The bolt of cold hits you!
Ouch! That really hurt!
You hear a bellow!
A yak comes into view.
As you read the scroll of teleportation, it crumbles to dust.
You feel strangely unstable.
The frost giant points at you and mumbles some strange words.
The bolt of cold hits you!
Ouch! That really hurt!
You die...

#C.#
#..##
##.†# ##
##.# #.
#.C# ##.
##..#
#..
#..##
### #..#
# ##@##
# #..# #
#..# #
#.## ###
#..#
##.#
#..#
#..##
#..##
##...#
##..#
##.....
##.#
##......


You could see a frost giant.

Vanquished Creatures
  Gastronok (D:11)
  Fannar (Lair:1)
  A hydra (D:11)
  Harold (Lair:3)
  3 two-headed ogres
  A queen ant (D:10)
  Urug (Lair:2)
  2 ugly things
  4 black mambas (Lair:2)
  Maurice (D:9)
  Joseph (D:7)
  The ghost of tof the Archer, a novice CeHu of Okawaru (D:5)
  4 spiny frogs
  A gargoyle (D:11)
  A torpor snail (Lair:3)
  An ice statue (IceCv)
  3 komodo dragons
  A kobold demonologist (D:11)
  A troll (D:11)
  12 polar bears (IceCv)
  4 blink frogs (Lair:2)
  5 hippogriffs
  A wyvern (D:8)
  A steam dragon (D:11)
  A basilisk (Lair:2)
  23 yaks
  A hungry ghost (D:8)
  5 humans (D:10)
  5 soldier ants (D:11)
  15 water moccasins
  6 porcupines
  3 orc warriors
  2 ice beasts
  A black bear (D:10)
  A necrophage (D:11)
  3 centaurs
  12 ogres
  7 wolves (IceCv)
  3 crocodiles
  2 big kobolds
  11 bullfrogs
  A water moccasin skeleton (D:6)
  A scorpion (D:5)
  15 killer bees
  14 wights
  A howler monkey (D:4)
  2 centaur zombies
  A bullfrog zombie (D:5)
  5 crimson imps
  2 hounds
  3 jellies
  A human zombie (Ossuary)
  4 orc priests
  A centaur skeleton (D:4)
  5 orc wizards
  An iron imp (D:6)
  2 bullfrog skeletons
  17 worker ants
  Ijyb (D:3)
  4 ogre zombies (Ossuary)
  2 hound skeletons
  7 mummies (Ossuary)
  A worker ant zombie (D:11)
  7 gnolls
  14 adders
  A shadow imp (D:5)
  An ooze (D:4)
  2 adder zombies
  3 adder skeletons
  2 worms (D:2)
  4 leopard geckos
  27 orcs
  A bat (D:1)
  2 giant cockroaches
  3 goblins (D:1)
  4 hobgoblins
  12 jackals
  3 quokkas
  2 ball pythons
  4 frilled lizards
  4 goblin zombies (Ossuary)
  3 hobgoblin zombies (Ossuary)
  A jackal skeleton (D:5)
  6 kobolds
  5 kobold zombies (Ossuary)
  A leopard gecko skeleton (D:7)
  A quokka skeleton (D:5)
  6 quokka zombies (Ossuary)
  6 rats
  5 rat zombies (Ossuary)
375 creatures vanquished.

Vanquished Creatures (others)
  3 fungi (Lair:2)
  4 plants
7 creatures vanquished.

Grand Total: 382 creatures vanquished

Notes
Turn   | Place    | Note
-------+----------+-------------------------------------------
     0 | D:1      | kae the Gargoyle Earth Elementalist began the quest for the Orb.
     0 | D:1      | Reached XP level 1. HP: 10/10 MP: 3/3
   461 | D:1      | Reached XP level 2. HP: 11/15 MP: 5/5
   712 | D:1      | Reached skill level 4 in Earth Magic
  1051 | D:2      | Reached XP level 3. HP: 5/19 MP: 2/7
  1057 | D:2      | Learned a level 3 spell: Stone Arrow
  1820 | D:2      | Found an ancient bone altar of Kikubaaqudgha.
  1821 | D:2      | Found a hide-covered altar of Uskayaw.
  1822 | D:2      | Found a hazy altar of Hepliaklqana.
  1822 | D:2      | Found a sacrificial altar of Ru.
  2035 | D:3      | Noticed Barriton's ghost (amateur DrTm)
  2146 | D:2      | Reached XP level 4. HP: 18/24 MP: 8/8
  2251 | D:3      | Reached skill level 1 in Conjurations
  2492 | D:3      | Noticed Ijyb
  2532 | D:3      | Killed Ijyb
  2818 | D:3      | Noticed a bullfrog
  2824 | D:3      | Killed a bullfrog
  2824 | D:3      | Reached skill level 5 in Earth Magic
  2824 | D:3      | Reached XP level 5. HP: 23/28 MP: 6/10
  3619 | D:4      | Reached XP level 6. HP: 24/32 MP: 3/11
  3767 | D:4      | Found a radiant altar of Vehumet.
  3778 | D:4      | Became a worshipper of Vehumet
  4189 | D:4      | Reached skill level 6 in Earth Magic
  4289 | D:3      | Reached XP level 7. HP: 23/36 MP: 4/13
  5024 | D:5      | Entered Level 5 of the Dungeon
  5177 | D:5      | Reached skill level 7 in Earth Magic
  5183 | D:5      | Reached skill level 5 in Spellcasting
  5252 | D:5      | Found a sand-covered staircase.
  5257 | Ossuary  | Entered an ossuary
  5610 | Ossuary  | Reached XP level 8. HP: 28/41 MP: 5/15
  5849 | Ossuary  | Reached skill level 5 in Conjurations
  5877 | Ossuary  | Reached * piety under Vehumet
  5877 | Ossuary  | Offered knowledge of Magic Dart by Vehumet.
  6654 | D:5      | Identified a scroll of acquirement
  6973 | D:5      | Noticed tof's ghost (novice CeHu)
  6986 | D:5      | Killed tof's ghost
  6986 | D:5      | Reached skill level 8 in Earth Magic
  7117 | D:5      | Found an opulent altar of Gozag.
  7157 | D:5      | Reached XP level 9. HP: 45/45 MP: 18/18
  7455 | D:6      | Reached ** piety under Vehumet
  7455 | D:6      | Offered knowledge of Freeze by Vehumet.
  7876 | D:6      | Found a bloodstained altar of Trog.
  7883 | D:6      | Reached skill level 9 in Earth Magic
  8431 | D:6      | Found a snail-covered altar of Cheibriados.
  8541 | D:6      | Found a shimmering altar of Xom.
  8864 | D:7      | Offered knowledge of Throw Frost by Vehumet.
  8965 | D:7      | Noticed Joseph
  8977 | D:7      | Killed Joseph
  8977 | D:7      | Reached XP level 10. HP: 28/50 MP: 17/20
  9216 | D:7      | Reached *** piety under Vehumet
  9216 | D:7      | Reached skill level 5 in Staves
  9287 | D:7      | Found a staircase to the Ecumenical Temple.
  9591 | D:7      | Found an ornate altar of the Wu Jian Council.
  9690 | D:8      | Got an encrusted helmet
  9704 | D:8      | Identified the +0 helmet of Limited Liability {+Fly Regen+ Dex+4 Slay-2} (You found it on level 8 of the Dungeon)
  9876 | D:8      | Noticed a two-headed ogre
  9886 | D:8      | Learned a level 5 spell: Lee's Rapid Deconstruction
  9892 | D:8      | Killed a two-headed ogre
  9892 | D:8      | Reached skill level 10 in Earth Magic
 10622 | D:9      | Noticed Maurice
 10624 | D:9      | Noticed a two-headed ogre
 10908 | D:9      | Killed a two-headed ogre
 11205 | D:9      | Noticed a two-headed ogre
 11210 | D:9      | Killed a two-headed ogre
 11210 | D:9      | Reached skill level 11 in Earth Magic
 11210 | D:9      | Reached XP level 11. HP: 54/54 MP: 19/23
 11342 | D:9      | Killed Maurice
 11612 | D:9      | You fall through a shaft for 2 floors!
 11707 | D:11     | Noticed Gastronok
 11733 | D:11     | Killed Gastronok
 11817 | D:10     | Entered Level 10 of the Dungeon
 11887 | D:10     | Offered knowledge of Conjure Flame by Vehumet.
 12365 | D:10     | Found a sacrificial altar of Ru.
 12520 | D:11     | Reached skill level 10 in Conjurations
 12635 | D:11     | Reached **** piety under Vehumet
 12792 | D:11     | Offered knowledge of Inner Flame by Vehumet.
 13021 | D:11     | Noticed a queen ant
 13058 | D:11     | Noticed a four-headed hydra
 13063 | D:11     | Killed a four-headed hydra
 13184 | D:11     | Reached skill level 12 in Earth Magic
 13343 | D:10     | Killed a queen ant
 13343 | D:10     | Reached XP level 12. HP: 45/59 MP: 9/25
 13664 | D:10     | HP: 2/60 [white ugly thing (24)]
 13959 | D:10     | Reached skill level 1 in Fighting
 14100 | D:11     | Found Giuck's Assorted Antiques.
 14108 | D:11     | Bought a scroll of identify for 52 gold pieces
 14108 | D:11     | Bought a scroll of identify for 52 gold pieces
 14499 | D:11     | Found a staircase to the Lair.
 14688 | Lair:1   | Entered Level 1 of the Lair of Beasts
 15133 | Lair:1   | Learned a level 3 spell: Inner Flame
 15238 | Lair:1   | Got a fine golden ring
 15304 | Lair:1   | Noticed Fannar
 15592 | Lair:1   | Killed Fannar
 15592 | Lair:1   | Reached ***** piety under Vehumet
 15592 | Lair:1   | Offered knowledge of Venom Bolt by Vehumet.
 15648 | Lair:1   | Identified the ring "Fediuf" {rF+ MR+ Int+3} (You found it on level 1 of the Lair of Beasts)
 15898 | Lair:2   | Reached skill level 10 in Spellcasting
 16383 | Lair:2   | Found a staircase to the Snake Pit.
 16392 | Lair:2   | Reached skill level 13 in Earth Magic
 16753 | Lair:2   | Noticed Urug
 16879 | Lair:2   | Reached XP level 13. HP: 61/72 MP: 27/27
 17035 | Lair:2   | Gained mutation: You have a pair of small horns on your head. [potion of mutation]
 17035 | Lair:2   | Gained mutation: You are partially covered in molten scales. (AC +2) [potion of mutation]
 17070 | Lair:2   | Killed Urug
 17613 | Lair:3   | Reached skill level 5 in Fighting
 17720 | Lair:3   | Noticed Harold
 17734 | Lair:3   | Killed Harold
 18099 | Lair:3   | Found a frozen archway.
 18126 | IceCv    | Entered an ice cave
 18686 | IceCv    | Reached skill level 10 in Staves
 19429 | IceCv    | Noticed a frost giant
 19449 | IceCv    | Killed from afar by a frost giant

Vault maps used:
D:1:      lemuel_arrival_lava_pool
D:2:      chequers_temple_overflow_statue_of_worship, first_bread,
          hangedman_abyss_or_decor_lesser_grid, kennysheep_generic_room_10
D:3:      st_stairs_13, uniq_ijyb
D:4:      vehumet_altar_wand_db
D:5:      grunt_gozag_statues, enter_ossuary_2
D:6:      bloody_trog, slow_altar_2, lemuel_round_altar, nicolae_sextant
D:7:      kennysheep_little_box, minmay_temple_entry_from_below_b,
          kennysheep_small_square, uniq_joseph
D:8:      blue_anna_alchemist, corexii_corridor_pit
D:9:      uniq_maurice
D:10:     basic_altar, minmay_ruffians
D:11:     lair_entry_dummy, serial_shops, nicolae_shop_overgrown_old_shop,
          minmay_another_anthill, uniq_gastronok
Lair:1:   infiniplex_staircase_pool_2, grunt_megastairs_1, uniq_fannar
Lair:2:   minmay_snake_entry_six_corridors, beast_lair_carwin_9, uniq_urug
Lair:3:   portal_ice_cave_entry_pillars_1, uniq_harold, uniq_rupert
Ossuary:  ossuary_boxes_badplayer
IceCv:    ice_cave_small_giant

Skill      XL: |  1  2  3  4  5  6  7  8  9 10 11 12 13 |
---------------+----------------------------------------+-----
Earth Magic    | 4 5 6 7 8 9 11 12 13 | 13.7
Spellcasting   | 3 4 5 6 7 8 9 10 | 10.8
Conjurations   | 2 3 4 6 7 9 10 11 12 | 12.1
Staves         | 2 4 6 8 9 10 | 10.1
Fighting       | 4 6 |  6.1
Dodging        | |  1.5
Stealth        | |  2.1
Transmutations | |  0.7

Action                   |  1- 3 |  4- 6 |  7- 9 | 10-12 | 13-15 || total
-------------------------+-------+-------+-------+-------+-------++-------
Melee: Unarmed           |    12 |       |       |       |       ||    12
       Whip              |    81 |   112 |   183 |       |       ||   376
       Dagger            |     1 |       |       |       |       ||     1
       Staff             |       |       |   111 |   103 |    16 ||   230
       Headbutt          |       |       |       |       |     5 ||     5
 Cast: Sandblast         |    19 |    20 |    12 |    33 |    53 ||   137
       Stone Arrow       |       |    19 |   151 |   348 |   112 ||   630
       Lee's Rapid Decon |       |       |       |    27 |    15 ||    42
       Inner Flame       |       |       |       |     3 |       ||     3
  Use: Scroll            |     3 |     3 |     7 |    14 |     9 ||    36
       Potion            |       |     2 |     1 |     2 |     3 ||     8
 Stab: Sleeping          |     5 |     2 |     5 |     2 |       ||    14
  Eat: Chunk             |     2 |     9 |    17 |    39 |    11 ||    78
       Fruit             |       |       |     2 |     4 |       ||     6
       Bread ration      |       |       |     1 |       |       ||     1
       Royal jelly       |       |       |       |     1 |       ||     1
Armor: Robe              |    24 |    44 |   149 |   142 |    65 ||   424
Dodge: Dodged            |    64 |    93 |   219 |   179 |   112 ||   667

Table legend:
 A = Spawn XP
 B = Non-spawn XP
 C = Spawn XP percentage of total XP
 D = Spawn monster count
 E = Non-spawn monster count
 F = Spawn count percentage of total count
 G = Total turns spent on level
                    A         B        C        D         E        F      G
               +---------+---------+-------+---------+---------+-------+---------
         Total |       0 |   45144 |   0.0 |       0 |     375 |   0.0 | 19449
               +---------+---------+-------+---------+---------+-------+---------
           D:1 |       0 |      11 |   0.0 |       0 |       8 |   0.0 |   910
           D:2 |       0 |      71 |   0.0 |       0 |      19 |   0.0 |  1594
           D:3 |       0 |     154 |   0.0 |       0 |      10 |   0.0 |  1095
           D:4 |       0 |     633 |   0.0 |       0 |      26 |   0.0 |  1425
           D:5 |       0 |    1282 |   0.0 |       0 |      22 |   0.0 |  1030
           D:6 |       0 |    1544 |   0.0 |       0 |      31 |   0.0 |  1177
           D:7 |       0 |     906 |   0.0 |       0 |      19 |   0.0 |  1035
           D:8 |       0 |    2123 |   0.0 |       0 |      15 |   0.0 |   981
           D:9 |       0 |    3154 |   0.0 |       0 |      17 |   0.0 |  1365
          D:10 |       0 |    2977 |   0.0 |       0 |      15 |   0.0 |   842
          D:11 |       0 |    8257 |   0.0 |       0 |      53 |   0.0 |  1839
        Lair:1 |       0 |    4821 |   0.0 |       0 |      22 |   0.0 |  1317
        Lair:2 |       0 |    7978 |   0.0 |       0 |      40 |   0.0 |  1877
        Lair:3 |       0 |    4407 |   0.0 |       0 |      13 |   0.0 |   244
       Ossuary |       0 |     351 |   0.0 |       0 |      37 |   0.0 |  1395
         IceCv |       0 |    6475 |   0.0 |       0 |      28 |   0.0 |  1323
               +---------+---------+-------+---------+---------+-------+---------
